 Dungeon Crawl Stone Soup version 0.19-a0-1732-g0b18a7b (webtiles) character file.

186 junb69 the Poker (level 5, 0/45 HPs)
             Began as a Naga Abyssal Knight on Sept 30, 2016.
             Was a Believer of Lugonu.
             Killed by a spatial distortion (4 damage)
             ... on level 4 of the Dungeon.
             The game lasted 00:08:24 (4033 turns).

junb69 the Poker (Naga Abyssal Knight)              Turns: 4033, Time: 00:08:25

Health: 0/45       AC:  5    Str: 14    XL:     5   Next: 65%
Magic:  6/7        EV: 11    Int: 12    God:    Lugonu [**....]
Gold:   203        SH:  0    Dex: 12    Spells: 0 memorised, 4 levels left

rFire  + . .     SeeInvis +     a - +1 spear
rCold  . . .     Gourm    .     o - +0 ring mail
rNeg   . . .     Faith    .     (no shield)
rPois  +         Spirit   .     (helmet restricted)
rElec  .         Dismiss  +     d - +0 cloak
rCorr  .         Reflect  .     (no gloves)
MR     .....     Harm     .     (no barding)
Stlth  +.........               m - amulet of dismissal
                                i - +3 ring of evasion
                                b - ring of fire

@: short of breath, very slow
A: antennae 1, see invisible, cold resistance 1, deformed body, frail 1, poison
resistance, slowness 2, slow metabolism 1, spit poison 1, AC +1
a: Spit Poison, Depart the Abyss, Bend Space, Renounce Religion


You were on level 4 of the Dungeon.
You worshipped Lugonu.
Lugonu was pleased with you.
You were hungry.

You visited 1 branch of the dungeon, and saw 4 of its levels.
You visited the Abyss 1 time.

You collected 203 gold pieces.

Inventory:

Hand Weapons
 a - a +1 spear (weapon)
Armour
 d - a +0 cloak (worn)
 n - a +0 helmet
 o - a +0 ring mail (worn)
Jewellery
 b - a ring of fire (left hand)
 i - a +3 ring of evasion (right hand)
 m - an amulet of dismissal (around neck)
Scrolls
 g - a scroll of random uselessness
 h - a scroll of remove curse
 j - a scroll of blinking {unknown}
 k - a scroll of magic mapping {unknown}
 l - a scroll of fear {unknown}
 q - a scroll of amnesia {unknown}
Potions
 e - 2 potions of curing
Comestibles
 c - 4 bread rations
 f - a meat ration
 p - 2 chunks of flesh


   Skills:
 - Level 4.0 Fighting
 * Level 4.2 Polearms
 - Level 1.5 Armour
 - Level 0.7 Dodging
 * Level 3.4 Invocations


You had 4 spell levels left.
You didn't know any spells.

Dungeon Overview and Level Annotations

Branches:
Dungeon (4/15)
 Temple: D:4-7

Altars:
Ashenzari
Gozag
Hepliaklqana


Innate Abilities, Weirdness & Mutations

You cannot wear boots.
Your serpentine skin is tough. (AC +1)
You have supernaturally acute eyesight. (SInv)
Armour fits poorly on your strangely shaped body.
Your system is resistant to poisons. (rPois)
You cover ground very slowly.
You have a slow metabolism.
You can spit poison.
You have a pair of small antennae on your head.
Your flesh is cold resistant. (rC+)
You are frail. (-10% HP)


Message History

The orc priest is lightly wounded.
The orc priest calls down the wrath of Beogh upon you.
Pain shoots through your body!
* * * LOW HITPOINT WARNING * * *
Your ring mail prevents you from hitting the orc priest.
The orc priest is lightly wounded.
The orc priest closely misses you.
Press: ? - help, Shift-Dir - straight line, f - orc priest
Aim: an orc priest, wearing a ring mail (lightly wounded)
The splash of poison hits the orc priest.
The orc priest appears unharmed.
The orc priest is lightly wounded.
You feel slightly more hungry. The orc priest closely misses you.
Space bends around you!
You blink.
* * * LOW HITPOINT WARNING * * *
The orc priest invokes the aid of Beogh against you.
Pain shoots through your body!
* * * LOW HITPOINT WARNING * * *
Space bends around you!
You blink.
You die...

...............###..............
#..#.###...###########.#.........
#..#.#.....#.....................
.....#.##..# ######.##..#########
#..........# #.#####.#######
#.####.##..#.# ##.##.#8.#.#.#.#
#............# ###...............
#.#..........# #.................
#.#.##.##....###@#..##..8.#.#.#.#
....................##..#####.#_#
#.#!#..##....#.#.#..##..### #####
..#..........#...#......#.#
###.......#..###....##..#.#
#....##.# .###.#.###..#.######
.....# .# #.ยง...............#
....... # #.##o.###.##.######
#####.... #.....###)##.#


You could see an orc priest.

Vanquished Creatures
  An orc priest (D:4)
  A worker ant (D:4)
  A howler monkey skeleton (D:4)
  3 adders
  An ooze (D:1)
  3 worms (D:2)
  3 dart slugs
  4 leopard geckos
  5 orcs
  3 giant cockroaches
  10 goblins
  6 hobgoblins
  4 jackals
  2 quokkas
  2 ball pythons (D:1)
  8 bats
  A frilled lizard (D:3)
  A jackal skeleton (D:4)
  4 kobolds
  4 rats
67 creatures vanquished.

Notes
Turn   | Place    | Note
-------+----------+-------------------------------------------
     0 | Abyss:1  | junb69 the Naga Abyssal Knight began the quest for the Orb.
     0 | Abyss:1  | Reached XP level 1. HP: 21/21 MP: 2/2
     0 | Abyss:1  | Found a corrupted altar of Lugonu.
    38 | D:1      | Escaped the Abyss
    42 | D:1      | Noticed an electric eel
    42 | D:1      | Noticed an electric eel
   288 | D:1      | Reached XP level 2. HP: 27/28 MP: 3/3
   673 | D:1      | Reached ** piety under Lugonu
   673 | D:1      | Reached XP level 3. HP: 28/34 MP: 4/4
  2020 | D:2      | Reached XP level 4. HP: 40/44 MP: 5/5
  2463 | D:3      | Found a hazy altar of Hepliaklqana.
  2921 | D:3      | Noticed an orc warrior
  2933 | D:3      | Gained mutation: Your flesh is cold resistant. (rC+) [potion of mutation]
  2933 | D:3      | Gained mutation: You have a pair of small antennae on your head. [potion of mutation]
  2933 | D:3      | Gained mutation: You are frail. (-10% HP) [potion of mutation]
  3416 | D:4      | Reached XP level 5. HP: 45/45 MP: 7/7
  3850 | D:4      | Found a shattered altar of Ashenzari.
  3853 | D:4      | Found an opulent altar of Gozag.
  4033 | D:4      | Killed by a spatial distortion

Vault maps used:
D:1:      arrival_aquarium_b, minmay_misc_feat_columns, corexii_leaking_fountain
D:3:      wad_lake_hut, nicolae_overflow_crystal_walls, first_bread
D:4:      lemuel_round_altar, minitemple

Skill      XL: |  1  2  3  4  5 |
---------------+----------------+-----
Polearms       | 3 4 |  4.2
Fighting       | 4 |  4.0
Invocations    | 3 |  3.4
Armour         | |  1.5
Dodging        | |  0.7

Action                   |  1- 3 |  4- 6 || total
-------------------------+-------+-------++-------
Melee: Spear             |   134 |   139 ||   273
Invok: Bend Space        |       |     1 ||     1
 Abil: Spit Poison       |     6 |     6 ||    12
  Use: Scroll            |       |     5 ||     5
       Potion            |       |     6 ||     6
  Eat: Chunk             |     3 |     5 ||     8
Armor: Leather armour    |    38 |     5 ||    43
       Ring mail         |       |    37 ||    37
Dodge: Dodged            |    65 |    57 ||   122
